cohdb
Replays
Latest Replays
All Replays
Popular Replays
Top Player Replays
Match Explorer
How It Works
Community
CoH3 Stats
Reddit
Sign in to upload your games and track your stats! →
Sign in with Steam
Match 34525293
Unlisted
Match 34525293
Overview
Messages
Build Orders
End
250 Light Carrier
Panzergrenadier Squad
Panzergrenadier Squad
Construct Light Support Kompanie
MG34 Team
2.5-tonne Medical Truck
Fire Support Elements
Pak 38 Anti-tank Gun Team
MG34 Team
le.IG 18 Mechanized Group
Combat Half-tracks
Construct Panzerarmee Kommand
Flak 36 Anti-tank Gun Team
Flak 36 Anti-tank Gun Team
MG34 Team
Selects Italian Infantry
Selects Guastatori Squad
Selects Defensive Operations
Guastatori Squad
Guastatori Squad
Selects Prepared Positions
Armored Reserves
Selects Obice 305mm Barrage
Tiger Heavy Tank
Obice 305mm Barrage
Guastatori Enjoyer
Cox
DeadCalleR
Gabe_Real
Random_Target
Turtleboy
0
0
Comments
sign in to comment!
No comments posted yet!